SL
WIZARDING EXPRESS @ PHILADELPHIA 1776 BC
08/24/2031
 
TOP OF THE 1ST
Wizarding Express batting - Pitching for Philadelphia 1776 BC : RHP Goodluck Obasanjo
Pitching: RHP Goodluck Obasanjo
Batting: RHB António Martínez 0-0: Called Strike
0-1: SINGLE (Groundball, 6MD)
Batting: SHB Salvador Trevino 0-0: Ball
1-0: Called Strike
1-1: Ball
2-1: Fly out, F8 (Flyball, 78M)
Batting: LHB Nathan Tanner 0-0: Ball
1-0: Called Strike
António Martínez steals 2nd base
1-1: Ball
2-1: Ball
3-1: Foul Ball, location: 2F
3-2: Fly out, F7 (Flyball, 7LMF)
Batting: RHB Ralph Cranford 0-0: 2-RUN HOME RUN (Flyball, 7D), Distance : 375 ft
Batting: LHB José Corona 0-0: Foul Ball, location: 2F
0-1: Ground out 4-3 (Groundball, 4)
Top of the 1st over - 2 runs, 2 hits, 0 errors, 0 left on base; Wizarding 2 - Philadelphia 1776 0
BOTTOM OF THE 1ST
Philadelphia 1776 BC batting - Pitching for Wizarding Express : RHP Ralph McKinney
Pitching: RHP Ralph McKinney
Batting: LHB José Rodríguez 0-0: Called Strike
0-1: Ball
1-1: SINGLE (Flyball, 78S) - OUT at second base trying to stretch hit.
Batting: LHB Kelvin Abbott 0-0: Ball
1-0: Foul Ball, location: 2F
1-1: Called Strike
1-2: Ball
2-2: Strikes out swinging
Batting: SHB Sam Quint 0-0: Ball
1-0: Ground out 5-3 (Groundball, 56S)
Bottom of the 1st over - 0 runs, 1 hit, 0 errors, 0 left on base; Wizarding 2 - Philadelphia 1776 0
TOP OF THE 2ND
Wizarding Express batting - Pitching for Philadelphia 1776 BC : RHP Goodluck Obasanjo
Batting: LHB António Boccanegra 0-0: Ball
1-0: Called Strike
1-1: Ball
2-1: Foul Ball, location: 2F
2-2: Hit by Pitch
Batting: RHB Paul Penrice 0-0: Ball
1-0: Foul Ball, location: 2F
1-1: Called Strike
1-2: Ball
2-2: Foul Ball, location: 2F
2-2: Ground out 5-3 (Groundball, 5S)
António Boccanegra to second
Batting: LHB David Breitling 0-0: Ball
1-0: Called Strike
1-1: Foul Ball, location: 2F
1-2: Strikes out looking
Batting: RHB Frank Grimes 0-0: Called Strike
0-1: Fly out, F6 (Line Drive, 6)
Top of the 2nd over - 0 runs, 0 hits, 0 errors, 1 left on base; Wizarding 2 - Philadelphia 1776 0
BOTTOM OF THE 2ND
Philadelphia 1776 BC batting - Pitching for Wizarding Express : RHP Ralph McKinney
Batting: LHB Manoo Satyavrat 0-0: Foul Ball, location: 2F
0-1: Foul Ball, location: 2F
0-2: Foul Ball, location: 2F
0-2: Ball
1-2: Ball
2-2: Foul Ball, location: 2F
2-2: Foul Ball, location: 2F
2-2: Fly out, F8 (Flyball, 78M)
Batting: RHB Kevin Malone 0-0: Ball
1-0: Foul Ball, location: 2F
1-1: Ball
2-1: Swinging Strike
2-2: Foul Ball, location: 2F
2-2: Ball
3-2: Base on Balls
Batting: RHB Mario Castillo 0-0: Ball
1-0: Ball
2-0: Called Strike
2-1: SINGLE (Line Drive, 3)
Kevin Malone to second
Batting: RHB Karl Blanke 0-0: Called Strike
0-1: Ball
1-1: Fly out, F9 (Flyball, 9S)
Batting: RHB Phil Moore 0-0: Foul Ball, location: 2F
0-1: Foul Ball, location: 2F
0-2: Fly out, F8 (Flyball, 8RM)
Bottom of the 2nd over - 0 runs, 1 hit, 0 errors, 2 left on base; Wizarding 2 - Philadelphia 1776 0
TOP OF THE 3RD
Wizarding Express batting - Pitching for Philadelphia 1776 BC : RHP Goodluck Obasanjo
Batting: RHB António Martínez 0-0: Ball
1-0: Ball
2-0: Ball
3-0: Called Strike
3-1: SINGLE (Groundball, 6S) (infield hit)
Batting: SHB Salvador Trevino 0-0: Ball
1-0: Called Strike
1-1: Fly out, F5 (Popup, 56)
Batting: LHB Nathan Tanner 0-0: Ball
Throwing error on steal attempt, E2
António Martínez to third
1-0: Called Strike
1-1: Ball
2-1: Fly out, F8 (Line Drive, 8RXD)
Runner from 3rd tags up, SCORES, no throw
Batting: RHB Ralph Cranford 0-0: Called Strike
0-1: Ball
1-1: Fly out, F7 (Line Drive, 7)
Top of the 3rd over - 1 run, 1 hit, 1 error, 0 left on base; Wizarding 3 - Philadelphia 1776 0
BOTTOM OF THE 3RD
Philadelphia 1776 BC batting - Pitching for Wizarding Express : RHP Ralph McKinney
Batting: RHB Kent Summey 0-0: Foul Ball, location: 2F
0-1: Ball
1-1: Ball
2-1: Swinging Strike
2-2: Ball
3-2: Foul Ball, location: 2F
3-2: Foul Ball, location: 2F
3-2: Fly out, F8 (Flyball, 78XD)
Batting: LHB José Rodríguez 0-0: Ball
1-0: Foul Ball, location: 2F
1-1: Foul Ball, location: 2F
1-2: Foul Ball, location: 2F
1-2: Ball
2-2: Ball
3-2: Ground out 6-3 (Groundball, 6M)
Batting: LHB Kelvin Abbott 0-0: Ball
1-0: Swinging Strike
1-1: Ball
2-1: Fly out, F7 (Flyball, 7)
Bottom of the 3rd over - 0 runs, 0 hits, 0 errors, 0 left on base; Wizarding 3 - Philadelphia 1776 0
TOP OF THE 4TH
Wizarding Express batting - Pitching for Philadelphia 1776 BC : RHP Goodluck Obasanjo
Batting: LHB José Corona 0-0: Ball
1-0: Ground out 4-3 (Groundball, 4)
Batting: LHB António Boccanegra 0-0: Ball
1-0: Ball
2-0: Ball
3-0: Called Strike
3-1: SINGLE (Line Drive, 6MD)
Batting: RHB Paul Penrice 0-0: Fly out, F7 (Flyball, 7S)
Batting: LHB David Breitling 0-0: Ball
1-0: Called Strike
1-1: Ball
2-1: Ball
3-1: Base on Balls
António Boccanegra to second
Batting: RHB Frank Grimes 0-0: Foul Ball, location: 2F
0-1: Ball
1-1: Fly out, F7 (Flyball, 7LD)
Top of the 4th over - 0 runs, 1 hit, 0 errors, 2 left on base; Wizarding 3 - Philadelphia 1776 0
BOTTOM OF THE 4TH
Philadelphia 1776 BC batting - Pitching for Wizarding Express : RHP Ralph McKinney
Batting: SHB Sam Quint 0-0: Fly out, F5 (Popup, 5SF)
Batting: LHB Manoo Satyavrat 0-0: Ball
1-0: Called Strike
1-1: Ball
2-1: SINGLE (Groundball, 4MD)
Batting: RHB Kevin Malone 0-0: Ball
1-0: Called Strike
1-1: Ball
2-1: Ball
3-1: Grounds into double play, 6-4-3 (Groundball, 6)
Bottom of the 4th over - 0 runs, 1 hit, 0 errors, 0 left on base; Wizarding 3 - Philadelphia 1776 0
TOP OF THE 5TH
Wizarding Express batting - Pitching for Philadelphia 1776 BC : RHP Goodluck Obasanjo
Batting: RHB António Martínez 0-0: Ball
1-0: Ball
2-0: Foul Ball, location: 2F
2-1: Called Strike
2-2: Ball
3-2: Strikes out swinging
Batting: SHB Salvador Trevino 0-0: Fly out, F8 (Flyball, 8RS)
Batting: LHB Nathan Tanner 0-0: SINGLE (Line Drive, 89S)
Batting: RHB Ralph Cranford 0-0: Ball
1-0: Ball
2-0: Called Strike
2-1: Ball
3-1: Swinging Strike
3-2: Base on Balls
Nathan Tanner to second
Batting: LHB José Corona 0-0: Called Strike
0-1: Ball
1-1: Ball
2-1: Ball
3-1: Fly out, F3 (Popup, 3F)
Top of the 5th over - 0 runs, 1 hit, 0 errors, 2 left on base; Wizarding 3 - Philadelphia 1776 0
BOTTOM OF THE 5TH
Philadelphia 1776 BC batting - Pitching for Wizarding Express : RHP Ralph McKinney
Batting: RHB Mario Castillo 0-0: Foul Ball, location: 2F
0-1: Swinging Strike
0-2: Ball
1-2: Foul Ball, location: 2F
1-2: Ball
2-2: Foul Ball, location: 2F
2-2: Ball
3-2: Foul Ball, location: 2F
3-2: Base on Balls
Batting: RHB Karl Blanke 0-0: Fly out, F3 (Popup, 3S)
Batting: RHB Phil Moore 0-0: Called Strike
0-1: Foul Ball, location: 2F
0-2: Strikes out swinging
Batting: RHB Kent Summey 0-0: Fielders Choice at 2nd, 5-4 (Groundball, 5L)
Bottom of the 5th over - 0 runs, 0 hits, 0 errors, 1 left on base; Wizarding 3 - Philadelphia 1776 0
TOP OF THE 6TH
Wizarding Express batting - Pitching for Philadelphia 1776 BC : RHP Goodluck Obasanjo
Batting: LHB António Boccanegra 0-0: Ball
1-0: Called Strike
1-1: Foul Ball, location: 2F
1-2: Ball
2-2: Foul Ball, location: 2F
2-2: SINGLE (Groundball, 4D)
Batting: RHB Paul Penrice 0-0: Bunted foul
0-1: Bunted foul
0-2: Ball
1-2: Foul Ball, location: 2F
1-2: Ball
2-2: Ball
3-2: Foul Ball, location: 2F
3-2: Foul Ball, location: 2F
3-2: Base on Balls
António Boccanegra to second
Batting: LHB David Breitling 0-0: Sac Bunt - play at first, batter OUT! 5-3
António Boccanegra to third
Paul Penrice to second
Batting: RHB Frank Grimes 0-0: Fly out, F9 (Flyball, 9LM)
Runner from 3rd tags up, SCORES, throw made
Batting: RHB António Martínez 0-0: Ball
1-0: Ball
2-0: Called Strike
2-1: Swinging Strike
2-2: Ground out 5-3 (Groundball, 56)
Top of the 6th over - 1 run, 1 hit, 0 errors, 1 left on base; Wizarding 4 - Philadelphia 1776 0
BOTTOM OF THE 6TH
Philadelphia 1776 BC batting - Pitching for Wizarding Express : RHP Ralph McKinney
Batting: LHB José Rodríguez 0-0: Foul Ball, location: 2F
0-1: Called Strike
0-2: Fly out, F6 (Popup, 6M)
Batting: LHB Kelvin Abbott 0-0: Swinging Strike
0-1: Fly out, F9 (Flyball, 89XD)
Batting: SHB Sam Quint 0-0: Fly out, F5 (Line Drive, 56S)
Bottom of the 6th over - 0 runs, 0 hits, 0 errors, 0 left on base; Wizarding 4 - Philadelphia 1776 0
TOP OF THE 7TH
Wizarding Express batting - Pitching for Philadelphia 1776 BC : RHP Goodluck Obasanjo
Batting: SHB Salvador Trevino 0-0: Ball
1-0: SINGLE (Groundball, 4D)
Batting: LHB Nathan Tanner 0-0: Ball
1-0: Ball
2-0: Ball
3-0: Called Strike
3-1: Base on Balls
Salvador Trevino to second
Pitching: RHP António Rodríguez
Batting: RHB Ralph Cranford 0-0: Ball
1-0: Swinging Strike
1-1: Swinging Strike
1-2: Foul Ball, location: 2F
1-2: Fly out, F4 (Popup, 13S)
Batting: LHB José Corona 0-0: Foul Ball, location: 2F
0-1: 3-RUN HOME RUN (Line Drive, 89XD), Distance : 433 ft
Batting: LHB António Boccanegra 0-0: Ball
1-0: Ball
2-0: Ball
3-0: Base on Balls
Batting: RHB Paul Penrice 0-0: Ball
1-0: Ball
2-0: SINGLE (Line Drive, 56)
António Boccanegra to second
Batting: LHB David Breitling 0-0: Ball
1-0: Ball
2-0: Ball
3-0: Called Strike
3-1: Called Strike
3-2: Base on Balls
António Boccanegra to third
Paul Penrice to second
Batting: RHB Frank Grimes 0-0: Called Strike
0-1: Foul Ball, location: 2F
0-2: Ball
1-2: Foul Ball, location: 2F
1-2: SINGLE (Flyball, 89S)
António Boccanegra scores
Paul Penrice to third
David Breitling to second
Batting: RHB António Martínez 0-0: Ball
1-0: Ball
2-0: Foul Ball, location: 2F
2-1: Ground out 5-3 (Groundball, 56S)
Paul Penrice scores
David Breitling to third
Frank Grimes to second
Batting: SHB Salvador Trevino 0-0: Ball
1-0: Foul Ball, location: 2F
1-1: Ball
2-1: Swinging Strike
2-2: DOUBLE (Groundball, 3L)
David Breitling scores
Frank Grimes scores
Batting: LHB Nathan Tanner 0-0: Foul Ball, location: 2F
0-1: Fly out, F9 (Flyball, 9S)
Top of the 7th over - 7 runs, 5 hits, 0 errors, 1 left on base; Wizarding 11 - Philadelphia 1776 0
BOTTOM OF THE 7TH
Philadelphia 1776 BC batting - Pitching for Wizarding Express : RHP Ralph McKinney
Batting: LHB Manoo Satyavrat 0-0: Ball
1-0: Ball
2-0: Foul Ball, location: 2F
2-1: Ball
3-1: Base on Balls
Batting: RHB Kevin Malone 0-0: Called Strike
0-1: Ball
1-1: Grounds into double play, 6-4-3 (Groundball, 6)
Batting: RHB Mario Castillo 0-0: Ball
1-0: Called Strike
1-1: Fly out, F7 (Flyball, 78D)
Bottom of the 7th over - 0 runs, 0 hits, 0 errors, 0 left on base; Wizarding 11 - Philadelphia 1776 0
TOP OF THE 8TH
Wizarding Express batting - Pitching for Philadelphia 1776 BC : RHP António Rodríguez
Batting: RHB Ralph Cranford 0-0: Ball
1-0: Swinging Strike
1-1: Fly out, F8 (Flyball, 8LD)
Batting: LHB José Corona 0-0: Ball
1-0: Ground out U3 (Groundball, 34)
Batting: LHB António Boccanegra 0-0: Ball
1-0: Fly out, F9 (Flyball, 9D)
Top of the 8th over - 0 runs, 0 hits, 0 errors, 0 left on base; Wizarding 11 - Philadelphia 1776 0
BOTTOM OF THE 8TH
Philadelphia 1776 BC batting - Pitching for Wizarding Express : RHP Ralph McKinney
Pitching: LHP Octávio Ríos
Batting: RHB Karl Blanke 0-0: Ball
1-0: DOUBLE (Line Drive, 89D)
Batting: RHB Phil Moore 0-0: Called Strike
0-1: Foul Ball, location: 2F
0-2: Ball
1-2: Foul Ball, location: 2F
1-2: Ground out 1-3 (Groundball, 15S)
Batting: RHB Kent Summey 0-0: Called Strike
0-1: Foul Ball, location: 2F
0-2: Strikes out swinging
Batting: LHB José Rodríguez 0-0: Called Strike
0-1: Ball
1-1: Foul Ball, location: 2F
1-2: Strikes out swinging
Bottom of the 8th over - 0 runs, 1 hit, 0 errors, 1 left on base; Wizarding 11 - Philadelphia 1776 0
TOP OF THE 9TH
Wizarding Express batting - Pitching for Philadelphia 1776 BC : RHP António Rodríguez
Batting: RHB Paul Penrice 0-0: Swinging Strike
0-1: Foul Ball, location: 2F
0-2: Ball
1-2: Ball
2-2: Ground out 6-3 (Groundball, 6)
Batting: LHB David Breitling 0-0: Fly out, F8 (Flyball, 8RD)
Batting: RHB Frank Grimes 0-0: SINGLE (Line Drive, 89S)
Batting: RHB António Martínez 0-0: Ball
1-0: Fielders Choice at 2nd, 6-4 (Groundball, 6)
Top of the 9th over - 0 runs, 1 hit, 0 errors, 1 left on base; Wizarding 11 - Philadelphia 1776 0
BOTTOM OF THE 9TH
Philadelphia 1776 BC batting - Pitching for Wizarding Express : LHP Octávio Ríos
Now in RF: Ken Watanabe
Batting: LHB Kelvin Abbott 0-0: Ball
1-0: Swinging Strike
1-1: Ground out 4-3 (Groundball, 4)
Batting: SHB Sam Quint 0-0: Ball
1-0: Swinging Strike
1-1: Foul Ball, location: 2F
1-2: Foul Ball, location: 2F
1-2: Ball
2-2: Ground out 4-3 (Groundball, 4MD)
Batting: LHB Manoo Satyavrat 0-0: Ball
1-0: Foul Ball, location: 2F
1-1: Called Strike
1-2: Strikes out looking
Bottom of the 9th over - 0 runs, 0 hits, 0 errors, 0 left on base; Wizarding 11 - Philadelphia 1776 0
Tuesday, June 12th, 2018 - OOTP Baseball 18.8 Build 76